Login

Oilers vs Warheads

Created - April 14, 2024 at 11:59

Goals
1 2 3 T
Oilers 2 2 1 5
Warheads 0 1 2 3
Shots
1 2 3 T
Oilers 11 13 10 34
Warheads 7 15 13 35

GoalsPenalties
1st period
1. Oilers , Tomas Hertl 10 (Cale Makar 33) at 5:55 (PP)
2. Oilers , Mikko Rantanen 33 (Manson Gluehead 32, Tim Stutzle 32) at 14:58 (PP)
Jacob Middleton (WAR) for Charging (Minor) at 1:53
John Marino (WAR) for Tripping (Minor) at 5:51
Colton Parayko (SCH) for Roughing (Minor) at 7:49
Jack McBain (WAR) for Slashing (Minor) at 14:01
Darnell Nurse (SCH) for Holding (Minor) at 17:46
2nd period
3. Oilers , Evan Bouchard 1 (Dylan Cozens 13, Tomas Hertl 22) at 2:45 (PP)
4. Warheads , Robert Thomas 18 (John Marino 11) at 3:43
5. Oilers , Kirill Marchenko 5 (Kris Letang 30, Michael Mcleod 11) at 14:40
Lawson Crouse (WAR) for Roughing (Minor) at 2:27
Evander Kane (SCH) for Elbowing (Minor) at 7:13
Jack McBain (WAR) for High sticking (Minor) at 19:51
3rd period
6. Oilers , Evan Bouchard 2 (Manson Gluehead 33, Tim Stutzle 33) at 0:20 (PP)
7. Warheads , Mitchell Marner 13 (Cam Fowler 19) at 4:08
8. Warheads , Mitchell Marner 14 (Cam Fowler 20) at 12:50
Evander Kane (SCH) for Hooking (Minor) at 0:24
Evander Kane (SCH) for Roughing (Minor) at 14:33
Goalie Stats
Ilya Samsonov (SCH), 32 saves from 35 shots - (0.914), W, 20-17-6, 60:00 minutes
Logan Thompson (WAR), 29 saves from 34 shots - (0.853), L, 26-29-5, 60:00 minutes
3 StarsOfficial
1 - Mitchell Marner (WAR)
2 - Evan Bouchard (SCH)
3 - Kirill Marchenko (SCH)
Referees : Unknown
Linesman : Unknown
Game Note
Cale Makar is injured at 2:23 of 2nd period (Sprained Left Finger)
Finance
Level 1 -- Attendance: 4452 (74.20%) -- Ticket Income $445,200
Level 2 -- Attendance: 3446 (68.92%) -- Ticket Income $206,760
Level 3 -- Attendance: 1700 (85.00%) -- Ticket Income $59,500
Level 4 -- Attendance: 2809 (70.23%) -- Ticket Income $70,225
Luxury Box -- Attendance: 928 (92.80%) -- Ticket Income $185,600
Game was played at the COS Torwar.
Total Attendance: 13335 (74.08%)
Total Ticket Income: $967,285
Other Income: $386,914
Total Income: $1,354,199



Team Name Goals Shots Shots Attemp Shots Blocked PIM HIT PP PK FO%
Oilers 534691010244 / 5 (80%)052%
Warheads 33578910220 / 5 (0%)448%

Oilers
Player Name POS G A P +/- PIM HIT SHT SB MP PP MP PP SHT PK MP PK SHT FO% FOT
Brandon TanevLW/RW000000003:180:0000:1500% 0
Cale MakarD011002117:011:1910:3400% 0
Cody CeciD000-2000216:340:0002:0600% 0
Colton ParaykoD000-1221622:141:4104:3500% 0
Darnell NurseD000-2240119:180:0804:4300% 0
Dylan CozensC/RW011-1003017:552:0000:1400% 1
Evan BouchardD202-1013011:450:3920:1500% 0
Evander KaneLW/RW000-1652017:382:0000:000100% 1
Jani HakanpaaD0001022021:261:4113:5400% 0
Kailer YamamotoRW000000003:030:0000:000100% 1
Kirill MarchenkoRW1010022013:170:0000:0000% 0
Kris LetangD0111012021:402:0603:4300% 0
Manson GlueheadLW/RW022-1013022:091:4716:0500% 0
Michael McleodC/RW0110020013:170:0000:00055% 20
Mikko RantanenC101-1014025:121:4726:05046% 37
Ryan PoehlingC/LW0000000017:070:0003:5000% 1
Tim StutzleC/LW022-1017016:041:4720:0000% 2
Tomas HertlC/LW112-1004021:022:0013:21060% 35
Warheads
Player Name POS G A P +/- PIM HIT SHT SB MP PP MP PP SHT PK MP PK SHT FO% FOT
Andrew CoppC/LW/RW000001007:140:0000:0800% 1
Brock KnuckledunkerC/LW0000043116:040:5400:26050% 2
Cam FowlerD0222001024:004:5511:2900% 0
Damon SeversonD0000000110:310:4600:0000% 0
Ilya MikheyevLW/RW0000002016:250:0001:4100% 0
Jack McBainC/LW0002433016:394:4311:3200% 1
Jacob MiddletonD0000220024:094:1400:5900% 0
Jeff CarterC/RW000000007:060:0000:00043% 7
Jeremy LauzonD0000021223:014:1402:1800% 0
John MarinoD0112223323:554:5521:2500% 0
Lawson CrouseLW/RW0000246019:135:1210:0000% 2
Lucas RaymondRW0000011019:145:1200:0000% 2
Lukas ReichelLW/RW000000000:000:0000:0000% 0
Mitchell MarnerRW2022017024:514:4312:36022% 9
Nicolas RoyC/LW/RW0000000017:122:2800:00043% 21
Radek FaksaC/LW0002002010:260:0000:00065% 17
Robert ThomasC/RW1010006121:466:3301:11058% 36
Timothy LiljegrenD0000020114:220:4601:2300% 0

Oilers

5 vs 5 Forward
Line #Left WingCenterRight WingPHYDFOFWanted %Time %Time Play
1Tim StutzleMikko RantanenManson Gluehead1223431%14:17
2Evander KaneTomas HertlDylan Cozens1223234%15:41
3Ryan PoehlingMichael McleodKirill Marchenko1222929%13:17
4Brandon TanevMikko RantanenKailer Yamamoto12257%3:03
5 vs 5 Defense
Line #DefenseDefensePHYDFOFWanted %Time %Time Play
1Cale MakarColton Parayko1223435%15:59
2Jani HakanpaaKris Letang1223234%15:51
3Cody CeciDarnell Nurse1222931%14:28
4Evan BouchardColton Parayko12250%0:00
Power Play Forward
Line #Left WingCenterRight WingPHYDFOFWanted %Time %Time Play
1Tim StutzleMikko RantanenManson Gluehead1135747%1:47
2Evander KaneTomas HertlDylan Cozens1134353%2:00
Power Play Defense
Line #DefenseDefensePHYDFOFWanted %Time %Time Play
1Kris LetangCale Makar1135756%2:06
2Colton ParaykoJani Hakanpaa1134344%1:41
Penalty Kill 4 Players Forward
Line #CenterWingPHYDFOFWanted %Time %Time Play
1Mikko RantanenManson Gluehead1315564%6:20
2Tomas HertlRyan Poehling1314536%3:35
Penalty Kill 4 Players Defense
Line #DefenseDefensePHYDFOFWanted %Time %Time Play
1Colton ParaykoDarnell Nurse1315562%6:08
2Jani HakanpaaKris Letang1314538%3:47
Penalty Kill 3 Players
Line #WingPHYDFOFWanted %Time %Time PlayDefenseDefensePHYDFOFWanted %Time %Time Play
1Mikko Rantanen131550%0:00 Colton ParaykoDarnell Nurse131550%0:00
2Tomas Hertl131450%0:00 Jani HakanpaaKris Letang131450%0:00
4 vs 4 Forward
Line #CenterWingPHYDFOFWanted %Time %Time Play
1Tomas HertlManson Gluehead122550%0:00
2Mikko RantanenTim Stutzle122450%0:00
4 vs 4 Defense
Line #DefensePHYDFOFWanted %Time %Time Play
1Kris LetangCale Makar122550%0:00
2Colton ParaykoDarnell Nurse122450%0:00
Last Minutes Offensive
Left WingCenterRight WingDefenseDefense
Tim StutzleMikko RantanenManson GlueheadKris LetangCale Makar
Last Minutes Defensive
Left WingCenterRight WingDefenseDefense
Manson GlueheadRyan PoehlingMichael McleodColton ParaykoJani Hakanpaa
Time
Total ForwardTotal DefenseLast Minutes OffensiveLast Minutes Defensive
60:00 60:00 0:000:00
Extra Forwards
Normal PowerPlayPenalty Kill
Michael Mcleod, Kirill Marchenko, Ryan PoehlingTomas Hertl, Kirill MarchenkoRyan Poehling
Extra Defensemen
Normal PowerPlayPenalty Kill
Evan Bouchard, Cale Makar, Cody CeciEvan Bouchard, Cody CeciJani Hakanpaa
Penalty Shots
Kirill Marchenko, Brandon Tanev, Mikko Rantanen, Tim Stutzle, Cale Makar
Goalie
Ilya Samsonov, Andrei Vasilevskiy
Custom OT Lines Forwards
Mikko Rantanen, Tim Stutzle, Tomas Hertl, Manson Gluehead, Dylan Cozens, Evander Kane, Michael Mcleod, Kirill Marchenko, Ryan Poehling, Brandon Tanev
Custom OT Lines Defensemen
Kris Letang, Cale Makar, Darnell Nurse, Colton Parayko, Cody Ceci
Scratches
Kent Johnson (Healthy), Bowen Byram (Healthy)

Warheads

5 vs 5 Forward
Line #Left WingCenterRight WingPHYDFOFWanted %Time %Time Play
1Jack McBainRadek FaksaMitchell Marner1223023%10:26
2Lawson CrouseRobert ThomasLucas Raymond1222830%14:02
3Brock KnuckledunkerNicolas RoyIlya Mikheyev1222632%14:44
4Andrew CoppJeff CarterMitchell Marner1221615%7:06
5 vs 5 Defense
Line #DefenseDefensePHYDFOFWanted %Time %Time Play
1Jeremy LauzonJacob Middleton1223019%8:35
2John MarinoCam Fowler1222838%17:36
3Jacob MiddletonTimothy Liljegren1222626%12:13
4Damon SeversonJeremy Lauzon1221617%7:54
Power Play Forward
Line #Left WingCenterRight WingPHYDFOFWanted %Time %Time Play
1Jack McBainRobert ThomasMitchell Marner1225548%4:43
2Lawson CrouseRobert ThomasLucas Raymond1224552%5:12
Power Play Defense
Line #DefenseDefensePHYDFOFWanted %Time %Time Play
1Jeremy LauzonJacob Middleton1225550%5:00
2John MarinoCam Fowler1224550%4:55
Penalty Kill 4 Players Forward
Line #CenterWingPHYDFOFWanted %Time %Time Play
1Mitchell MarnerJack McBain1225569%2:36
2Robert ThomasJack McBain1224531%1:11
Penalty Kill 4 Players Defense
Line #DefenseDefensePHYDFOFWanted %Time %Time Play
1Jeremy LauzonJacob Middleton1225561%2:18
2John MarinoCam Fowler1224539%1:29
Penalty Kill 3 Players
Line #WingPHYDFOFWanted %Time %Time PlayDefenseDefensePHYDFOFWanted %Time %Time Play
1Mitchell Marner122550%0:00 Jeremy LauzonJacob Middleton122550%0:00
2Mitchell Marner122450%0:00 John MarinoCam Fowler122450%0:00
4 vs 4 Forward
Line #CenterWingPHYDFOFWanted %Time %Time Play
1Mitchell MarnerJack McBain122550%0:00
2Robert ThomasJack McBain122450%0:00
4 vs 4 Defense
Line #DefensePHYDFOFWanted %Time %Time Play
1Jeremy LauzonJacob Middleton122550%0:00
2John MarinoCam Fowler122450%0:00
Last Minutes Offensive
Left WingCenterRight WingDefenseDefense
Jack McBainRadek FaksaMitchell MarnerJeremy LauzonJacob Middleton
Last Minutes Defensive
Left WingCenterRight WingDefenseDefense
Jack McBainRadek FaksaMitchell MarnerJeremy LauzonJacob Middleton
Time
Total ForwardTotal DefenseLast Minutes OffensiveLast Minutes Defensive
60:00 60:00 0:000:00
Extra Forwards
Normal PowerPlayPenalty Kill
Mitchell Marner, Nicolas Roy, Ilya MikheyevMitchell Marner, Nicolas RoyIlya Mikheyev
Extra Defensemen
Normal PowerPlayPenalty Kill
Jeremy Lauzon, Timothy Liljegren, Damon SeversonJacob Middleton, Timothy LiljegrenDamon Severson
Penalty Shots
Mitchell Marner, Ilya Mikheyev, Robert Thomas, Jack McBain, Lucas Raymond
Goalie
Logan Thompson, Adin Hill
Custom OT Lines Forwards
Mitchell Marner, Radek Faksa, Robert Thomas, Jack McBain, Lucas Raymond, Lawson Crouse, Brock Knuckledunker, Nicolas Roy, Ilya Mikheyev, Jeff Carter
Custom OT Lines Defensemen
Jeremy Lauzon, Jacob Middleton, John Marino, Cam Fowler, Timothy Liljegren
Scratches
Jordan Greenway (Healthy), Jake Walman (Upper Body Injury)


Play-by-Play

1st period


0:01 of 1st period - Mikko Rantanen wins face-off versus Radek Faksa in neutral zone.
0:21 of 1st period - Shot by Mitchell Marner.
0:21 of 1st period - Shot Blocked by Colton Parayko.
0:23 of 1st period - Shot by Jeremy Lauzon.
0:23 of 1st period - Shot Blocked by Colton Parayko.
0:25 of 1st period - Shot by Jeremy Lauzon.
0:25 of 1st period - Deflect By Mitchell Marner.
0:25 of 1st period - Shot Misses the Net.
0:27 of 1st period - Shot by Jacob Middleton.
0:27 of 1st period - Shot Blocked by Colton Parayko.
0:46 of 1st period - Icing by Cale Makar.
0:47 of 1st period - Mikko Rantanen wins face-off versus Nicolas Roy in Oilers zone.
1:03 of 1st period - Off-side.
1:04 of 1st period - Tomas Hertl wins face-off versus Lucas Raymond in neutral zone.
1:41 of 1st period - Shot by Kris Letang.
1:41 of 1st period - Stopped by Logan Thompson with a rebound.
1:44 of 1st period - Icing by Timothy Liljegren.
1:45 of 1st period - Robert Thomas wins face-off versus Michael Mcleod in Warheads zone.
1:47 of 1st period - Icing by Lucas Raymond.
1:48 of 1st period - Michael Mcleod wins face-off versus Robert Thomas in Warheads zone.
1:52 of 1st period - Ryan Poehling is hit by Timothy Liljegren and loses puck.
1:53 of 1st period - Minor Penalty to Jacob Middleton for Charging.
1:54 of 1st period - Mitchell Marner wins face-off versus Tim Stutzle in Warheads zone.
1:54 of 1st period - John Marino is hit by Mikko Rantanen and loses puck.
2:19 of 1st period - Shot by Tim Stutzle.
2:19 of 1st period - Stopped by Logan Thompson without a rebound.
2:20 of 1st period - Robert Thomas wins face-off versus Tomas Hertl in Warheads zone.
2:20 of 1st period - Timothy Liljegren is hit by Evander Kane.
2:45 of 1st period - Shot by Jani Hakanpaa.
2:45 of 1st period - Stopped by Logan Thompson without a rebound.
2:46 of 1st period - Mikko Rantanen wins face-off versus Mitchell Marner in Warheads zone.
3:03 of 1st period - Shot by Mikko Rantanen.
3:03 of 1st period - Stopped by Logan Thompson without a rebound.
3:04 of 1st period - Tomas Hertl wins face-off versus Robert Thomas in Warheads zone.
3:23 of 1st period - Ilya Mikheyev is hit by Evander Kane and loses puck.
3:38 of 1st period - Shot by Evander Kane.
3:38 of 1st period - Shot Blocked by Jeremy Lauzon.
3:40 of 1st period - Shot by Colton Parayko.
3:40 of 1st period - Shot Blocked by Robert Thomas.
4:06 of 1st period - Shot by Andrew Copp.
4:06 of 1st period - Shot Misses the Net.
4:34 of 1st period - Shot by Mitchell Marner.
4:34 of 1st period - Stopped by Ilya Samsonov without a rebound.
4:35 of 1st period - Mikko Rantanen wins face-off versus Nicolas Roy in Oilers zone.
5:46 of 1st period - Shot by Lawson Crouse.
5:46 of 1st period - Stopped by Ilya Samsonov without a rebound.
5:47 of 1st period - Michael Mcleod wins face-off versus Jack McBain in Oilers zone.
5:51 of 1st period - Minor Penalty to John Marino for Tripping.
5:52 of 1st period - Tomas Hertl wins face-off versus Mitchell Marner in Warheads zone.
5:55 of 1st period - Shot by Tomas Hertl.
5:55 of 1st period - Goal by Tomas Hertl - Oilers : 1 - Warheads : 0.
5:56 of 1st period - Tomas Hertl wins face-off versus Radek Faksa in neutral zone.
6:16 of 1st period - Shot by Evander Kane.
6:16 of 1st period - Shot Blocked by John Marino.
6:22 of 1st period - Shot by Evander Kane.
6:22 of 1st period - Stopped by Logan Thompson with a rebound.
6:58 of 1st period - Shot by Lawson Crouse.
6:58 of 1st period - Shot Misses the Net.
7:08 of 1st period - Ryan Poehling is hit by Lawson Crouse and loses puck.
7:21 of 1st period - Shot by Kirill Marchenko.
7:21 of 1st period - Stopped by Logan Thompson without a rebound.
7:22 of 1st period - Nicolas Roy wins face-off versus Tim Stutzle in Warheads zone.
7:22 of 1st period - Nicolas Roy is hit by Manson Gluehead.
7:28 of 1st period - Colton Parayko is hit by Brock Knuckledunker and loses puck.
7:48 of 1st period - Brock Knuckledunker is hit by Cale Makar and loses puck.
7:49 of 1st period - Minor Penalty to Colton Parayko for Roughing.
7:50 of 1st period - Mikko Rantanen wins face-off versus Robert Thomas in Oilers zone.
8:16 of 1st period - Shot by Mitchell Marner.
8:16 of 1st period - Shot Misses the Net.
8:18 of 1st period - Shot by Jack McBain.
8:18 of 1st period - Shot Blocked by Cody Ceci.
8:24 of 1st period - Shot by Robert Thomas.
8:24 of 1st period - Shot Misses the Net.
8:26 of 1st period - Shot by John Marino.
8:26 of 1st period - Stopped by Ilya Samsonov without a rebound.
8:27 of 1st period - Robert Thomas wins face-off versus Ryan Poehling in Oilers zone.
8:54 of 1st period - Darnell Nurse is hit by Lucas Raymond and loses puck.
9:40 of 1st period - Shot by Jack McBain.
9:40 of 1st period - Stopped by Ilya Samsonov without a rebound.
9:41 of 1st period - Tomas Hertl wins face-off versus Brock Knuckledunker in Oilers zone.
10:20 of 1st period - Andrew Copp is hit by Cale Makar and loses puck.
10:33 of 1st period - Shot by Brock Knuckledunker.
10:33 of 1st period - Stopped by Ilya Samsonov without a rebound.
10:34 of 1st period - Michael Mcleod wins face-off versus Nicolas Roy in Oilers zone.
11:06 of 1st period - Shot by Brock Knuckledunker.
11:06 of 1st period - Shot Misses the Net.
11:24 of 1st period - Shot by Robert Thomas.
11:24 of 1st period - Shot Blocked by Darnell Nurse.
12:09 of 1st period - Shot by Jack McBain.
12:09 of 1st period - Shot Misses the Net.
12:21 of 1st period - Shot by Jack McBain.
12:21 of 1st period - Shot Misses the Net.
12:23 of 1st period - Shot by Jack McBain.
12:23 of 1st period - Stopped by Ilya Samsonov without a rebound.
12:24 of 1st period - Jeff Carter wins face-off versus Mikko Rantanen in Oilers zone.
12:38 of 1st period - Jeff Carter is hit by Kris Letang and loses puck.
12:45 of 1st period - Shot by Tim Stutzle.
12:45 of 1st period - Shot Misses the Net.
12:47 of 1st period - Shot by Manson Gluehead.
12:47 of 1st period - Stopped by Logan Thompson without a rebound.
12:48 of 1st period - Brock Knuckledunker wins face-off versus Tomas Hertl in Warheads zone.
12:57 of 1st period - Icing by Colton Parayko.
12:58 of 1st period - Tomas Hertl wins face-off versus Robert Thomas in Oilers zone.
13:29 of 1st period - Shot by Lucas Raymond.
13:29 of 1st period - Stopped by Ilya Samsonov without a rebound.
13:30 of 1st period - Radek Faksa wins face-off versus Mikko Rantanen in Oilers zone.
13:55 of 1st period - Tim Stutzle is hit by Jacob Middleton and loses puck.
14:01 of 1st period - Minor Penalty to Jack McBain for Slashing.
14:02 of 1st period - Tomas Hertl wins face-off versus Mitchell Marner in Warheads zone.
14:28 of 1st period - Shot by Cale Makar.
14:28 of 1st period - Stopped by Logan Thompson without a rebound.
14:29 of 1st period - Robert Thomas wins face-off versus Mikko Rantanen in Warheads zone.
14:58 of 1st period - Shot by Mikko Rantanen.
14:58 of 1st period - Goal by Mikko Rantanen - Oilers : 2 - Warheads : 0.
14:59 of 1st period - Robert Thomas wins face-off versus Michael Mcleod in neutral zone.
15:18 of 1st period - Robert Thomas is hit by Darnell Nurse and loses puck.
15:25 of 1st period - Shot by Lawson Crouse.
15:25 of 1st period - Shot Misses the Net.
15:40 of 1st period - Robert Thomas is hit by Darnell Nurse and loses puck.
15:56 of 1st period - Icing by Jacob Middleton.
15:57 of 1st period - Mikko Rantanen wins face-off versus Nicolas Roy in Warheads zone.
16:10 of 1st period - Shot by Mikko Rantanen.
16:10 of 1st period - Shot Misses the Net.
16:16 of 1st period - Shot by Mikko Rantanen.
16:16 of 1st period - Shot Misses the Net.
16:47 of 1st period - Icing by Jacob Middleton.
16:48 of 1st period - Nicolas Roy wins face-off versus Tomas Hertl in Warheads zone.
16:48 of 1st period - Nicolas Roy is hit by Evander Kane.
17:22 of 1st period - Shot by Tomas Hertl.
17:22 of 1st period - Shot Misses the Net.
17:30 of 1st period - Shot by Tomas Hertl.
17:30 of 1st period - Stopped by Logan Thompson without a rebound.
17:31 of 1st period - Radek Faksa wins face-off versus Michael Mcleod in Warheads zone.
17:31 of 1st period - Radek Faksa is hit by Kirill Marchenko.
17:46 of 1st period - Minor Penalty to Darnell Nurse for Holding.
17:47 of 1st period - Robert Thomas wins face-off versus Mikko Rantanen in Oilers zone.
18:22 of 1st period - Shot by Robert Thomas.
18:22 of 1st period - Deflect By Lawson Crouse.
18:22 of 1st period - Shot Blocked by Cody Ceci.
Goals for this period are 2 for Oilers vs 0 for Warheads.
Shots for this period are 11 for Oilers vs 7 for Warheads.

2nd period


0:01 of 2nd period - Radek Faksa wins face-off versus Mikko Rantanen in neutral zone.
0:20 of 2nd period - Mikko Rantanen is hit by Jeremy Lauzon and loses puck.
0:29 of 2nd period - Shot by Mikko Rantanen.
0:29 of 2nd period - Shot Misses the Net.
0:31 of 2nd period - Shot by Jani Hakanpaa.
0:31 of 2nd period - Stopped by Logan Thompson without a rebound.
0:32 of 2nd period - Tomas Hertl wins face-off versus Robert Thomas in Warheads zone.
0:32 of 2nd period - Cale Makar is hit by John Marino and loses puck.
0:51 of 2nd period - Shot by Tomas Hertl.
0:51 of 2nd period - Shot Misses the Net.
0:53 of 2nd period - Shot by Dylan Cozens.
0:53 of 2nd period - Stopped by Logan Thompson without a rebound.
0:54 of 2nd period - Nicolas Roy wins face-off versus Michael Mcleod in Warheads zone.
1:03 of 2nd period - Shot by Brock Knuckledunker.
1:03 of 2nd period - Stopped by Ilya Samsonov without a rebound.
1:04 of 2nd period - Mikko Rantanen wins face-off versus Radek Faksa in Oilers zone.
1:17 of 2nd period - Shot by Mikko Rantanen.
1:17 of 2nd period - Shot Misses the Net.
1:19 of 2nd period - Shot by Kris Letang.
1:19 of 2nd period - Shot Misses the Net.
1:58 of 2nd period - Lucas Raymond is hit by Jani Hakanpaa and loses puck.
2:11 of 2nd period - Shot by Robert Thomas.
2:11 of 2nd period - Stopped by Ilya Samsonov without a rebound.
2:12 of 2nd period - Nicolas Roy wins face-off versus Tomas Hertl in Oilers zone.
2:23 of 2nd period - Shot by Nicolas Roy.
2:23 of 2nd period - Shot Blocked by Cale Makar.
2:23 of 2nd period - Cale Makar from Oilers is injured at 2:23 of 2nd period (Sprained Left Finger).
2:24 of 2nd period - Michael Mcleod wins face-off versus Robert Thomas in Oilers zone.
2:24 of 2nd period - Michael Mcleod is hit by Lawson Crouse.
2:27 of 2nd period - Minor Penalty to Lawson Crouse for Roughing.
2:28 of 2nd period - Tomas Hertl wins face-off versus Mitchell Marner in Warheads zone.
2:39 of 2nd period - Shot by Dylan Cozens.
2:39 of 2nd period - Shot Misses the Net.
2:41 of 2nd period - Shot by Dylan Cozens.
2:41 of 2nd period - Shot Misses the Net.
2:43 of 2nd period - Shot by Evan Bouchard.
2:43 of 2nd period - Shot Misses the Net.
2:45 of 2nd period - Shot by Evan Bouchard.
2:45 of 2nd period - Goal by Evan Bouchard - Oilers : 3 - Warheads : 0.
2:46 of 2nd period - Michael Mcleod wins face-off versus Robert Thomas in neutral zone.
2:51 of 2nd period - Shot by Evan Bouchard.
2:51 of 2nd period - Shot Misses the Net.
3:01 of 2nd period - Shot by Robert Thomas.
3:01 of 2nd period - Stopped by Ilya Samsonov without a rebound.
3:02 of 2nd period - Tomas Hertl wins face-off versus Jeff Carter in Oilers zone.
3:06 of 2nd period - Icing by Dylan Cozens.
3:07 of 2nd period - Radek Faksa wins face-off versus Tomas Hertl in Oilers zone.
3:19 of 2nd period - Icing by Cody Ceci.
3:20 of 2nd period - Tomas Hertl wins face-off versus Robert Thomas in Oilers zone.
3:37 of 2nd period - Shot by Dylan Cozens.
3:37 of 2nd period - Shot Misses the Net.
3:43 of 2nd period - Shot by Robert Thomas.
3:43 of 2nd period - Goal by Robert Thomas - Oilers : 3 - Warheads : 1.
3:44 of 2nd period - Radek Faksa wins face-off versus Mikko Rantanen in neutral zone.
3:57 of 2nd period - Shot by Mikko Rantanen.
3:57 of 2nd period - Stopped by Logan Thompson without a rebound.
3:58 of 2nd period - Michael Mcleod wins face-off versus Nicolas Roy in Warheads zone.
5:46 of 2nd period - Michael Mcleod is hit by Lawson Crouse and loses puck.
5:52 of 2nd period - Off-side.
5:53 of 2nd period - Jeff Carter wins face-off versus Mikko Rantanen in neutral zone.
6:10 of 2nd period - Icing by Tim Stutzle.
6:11 of 2nd period - Mikko Rantanen wins face-off versus Lawson Crouse in Oilers zone.
6:20 of 2nd period - Shot by Tim Stutzle.
6:20 of 2nd period - Stopped by Logan Thompson without a rebound.
6:21 of 2nd period - Tomas Hertl wins face-off versus Nicolas Roy in Warheads zone.
6:28 of 2nd period - Shot by Dylan Cozens.
6:28 of 2nd period - Deflect By Tomas Hertl.
6:28 of 2nd period - Stopped by Logan Thompson without a rebound.
6:29 of 2nd period - Robert Thomas wins face-off versus Tomas Hertl in Warheads zone.
6:33 of 2nd period - Icing by Robert Thomas.
6:34 of 2nd period - Robert Thomas wins face-off versus Tomas Hertl in Warheads zone.
6:47 of 2nd period - Shot by Robert Thomas.
6:47 of 2nd period - Stopped by Ilya Samsonov without a rebound.
6:48 of 2nd period - Mikko Rantanen wins face-off versus Radek Faksa in Oilers zone.
6:55 of 2nd period - Shot by Mitchell Marner.
6:55 of 2nd period - Stopped by Ilya Samsonov without a rebound.
6:56 of 2nd period - Radek Faksa wins face-off versus Mikko Rantanen in Oilers zone.
6:59 of 2nd period - Shot by Jacob Middleton.
6:59 of 2nd period - Shot Misses the Net.
7:09 of 2nd period - Shot by Mikko Rantanen.
7:09 of 2nd period - Shot Misses the Net.
7:11 of 2nd period - Shot by Manson Gluehead.
7:11 of 2nd period - Stopped by Logan Thompson without a rebound.
7:12 of 2nd period - Robert Thomas wins face-off versus Tomas Hertl in Warheads zone.
7:12 of 2nd period - Robert Thomas is hit by Evander Kane.
7:13 of 2nd period - Minor Penalty to Evander Kane for Elbowing.
7:14 of 2nd period - Mikko Rantanen wins face-off versus Mitchell Marner in Oilers zone.
8:12 of 2nd period - Shot by Lawson Crouse.
8:12 of 2nd period - Shot Misses the Net.
8:14 of 2nd period - Shot by Lawson Crouse.
8:14 of 2nd period - Stopped by Ilya Samsonov without a rebound.
8:15 of 2nd period - Tomas Hertl wins face-off versus Robert Thomas in Oilers zone.
8:42 of 2nd period - Shot by Cam Fowler.
8:42 of 2nd period - Shot Blocked by Colton Parayko.
8:44 of 2nd period - Shot by Cam Fowler.
8:44 of 2nd period - Shot Misses the Net.
8:46 of 2nd period - Shot by Cam Fowler.
8:46 of 2nd period - Shot Misses the Net.
9:02 of 2nd period - Shot by Jacob Middleton.
9:02 of 2nd period - Shot Misses the Net.
9:15 of 2nd period - Manson Gluehead is hit by Timothy Liljegren and loses puck.
9:30 of 2nd period - Shot by Nicolas Roy.
9:30 of 2nd period - Shot Misses the Net.
9:39 of 2nd period - Off-side.
9:40 of 2nd period - Tomas Hertl wins face-off versus Andrew Copp in neutral zone.
10:29 of 2nd period - Shot by Lawson Crouse.
10:29 of 2nd period - Stopped by Ilya Samsonov without a rebound.
10:30 of 2nd period - Michael Mcleod wins face-off versus Robert Thomas in Oilers zone.
10:53 of 2nd period - Shot by Lawson Crouse.
10:53 of 2nd period - Shot Misses the Net.
11:01 of 2nd period - Shot by Lucas Raymond.
11:01 of 2nd period - Shot Misses the Net.
11:16 of 2nd period - Icing by Jani Hakanpaa.
11:17 of 2nd period - Michael Mcleod wins face-off versus Nicolas Roy in Oilers zone.
11:17 of 2nd period - Michael Mcleod is hit by Brock Knuckledunker.
11:39 of 2nd period - Shot by Tim Stutzle.
11:39 of 2nd period - Stopped by Logan Thompson without a rebound.
11:40 of 2nd period - Mikko Rantanen wins face-off versus Radek Faksa in Warheads zone.
11:40 of 2nd period - Mikko Rantanen is hit by John Marino.
11:50 of 2nd period - Shot by Tim Stutzle.
11:50 of 2nd period - Stopped by Logan Thompson without a rebound.
11:51 of 2nd period - Tomas Hertl wins face-off versus Jeff Carter in Warheads zone.
12:00 of 2nd period - Shot by Tomas Hertl.
12:00 of 2nd period - Shot Misses the Net.
12:02 of 2nd period - Shot by Cody Ceci.
12:02 of 2nd period - Shot Misses the Net.
12:04 of 2nd period - Shot by Tomas Hertl.
12:04 of 2nd period - Stopped by Logan Thompson without a rebound.
12:05 of 2nd period - Robert Thomas wins face-off versus Mikko Rantanen in Warheads zone.
12:14 of 2nd period - Shot by Robert Thomas.
12:14 of 2nd period - Stopped by Ilya Samsonov with a rebound.
12:28 of 2nd period - Shot by Tim Stutzle.
12:28 of 2nd period - Shot Misses the Net.
12:30 of 2nd period - Shot by Evan Bouchard.
12:30 of 2nd period - Stopped by Logan Thompson without a rebound.
12:31 of 2nd period - Radek Faksa wins face-off versus Tomas Hertl in Warheads zone.
12:49 of 2nd period - Shot by Jack McBain.
12:49 of 2nd period - Deflect By Mitchell Marner.
12:49 of 2nd period - Shot Misses the Net.
12:51 of 2nd period - Shot by Jack McBain.
12:51 of 2nd period - Stopped by Ilya Samsonov with a rebound.
13:04 of 2nd period - Jack McBain is hit by Darnell Nurse.
13:10 of 2nd period - Shot by Mitchell Marner.
13:10 of 2nd period - Stopped by Ilya Samsonov without a rebound.
13:11 of 2nd period - Nicolas Roy wins face-off versus Mikko Rantanen in Oilers zone.
13:11 of 2nd period - Nicolas Roy is hit by Colton Parayko.
13:13 of 2nd period - Shot by Brock Knuckledunker.
13:13 of 2nd period - Stopped by Ilya Samsonov without a rebound.
13:14 of 2nd period - Robert Thomas wins face-off versus Mikko Rantanen in Oilers zone.
13:51 of 2nd period - Shot by Mikko Rantanen.
13:51 of 2nd period - Shot Blocked by John Marino.
14:40 of 2nd period - Shot by Kirill Marchenko.
14:40 of 2nd period - Goal by Kirill Marchenko - Oilers : 4 - Warheads : 1.
14:41 of 2nd period - Tomas Hertl wins face-off versus Radek Faksa in neutral zone.
14:41 of 2nd period - Dylan Cozens is hit by Jack McBain and loses puck.
15:05 of 2nd period - Tomas Hertl is hit by Jeremy Lauzon and loses puck.
15:54 of 2nd period - Manson Gluehead is hit by Brock Knuckledunker and loses puck.
16:07 of 2nd period - Shot by Mikko Rantanen.
16:07 of 2nd period - Stopped by Logan Thompson without a rebound.
16:08 of 2nd period - Michael Mcleod wins face-off versus Jeff Carter in Warheads zone.
16:15 of 2nd period - Shot by Ryan Poehling.
16:15 of 2nd period - Shot Misses the Net.
16:20 of 2nd period - Icing by Cam Fowler.
16:21 of 2nd period - Kailer Yamamoto wins face-off versus Mitchell Marner in Warheads zone.
17:06 of 2nd period - Shot by Ilya Mikheyev.
17:06 of 2nd period - Shot Misses the Net.
17:22 of 2nd period - Shot by Ilya Mikheyev.
17:22 of 2nd period - Stopped by Ilya Samsonov without a rebound.
17:23 of 2nd period - Robert Thomas wins face-off versus Tomas Hertl in Oilers zone.
17:26 of 2nd period - Shot by Lawson Crouse.
17:26 of 2nd period - Stopped by Ilya Samsonov without a rebound.
17:27 of 2nd period - Tomas Hertl wins face-off versus Lucas Raymond in Oilers zone.
17:44 of 2nd period - Lucas Raymond is hit by Colton Parayko and loses puck.
17:47 of 2nd period - Shot by Jeremy Lauzon.
17:47 of 2nd period - Stopped by Ilya Samsonov without a rebound.
17:48 of 2nd period - Michael Mcleod wins face-off versus Nicolas Roy in Oilers zone.
18:19 of 2nd period - Brock Knuckledunker is hit by Jani Hakanpaa and loses puck.
18:31 of 2nd period - Icing by John Marino.
18:32 of 2nd period - Nicolas Roy wins face-off versus Tomas Hertl in Warheads zone.
19:23 of 2nd period - Nicolas Roy is hit by Tim Stutzle and loses puck.
19:51 of 2nd period - Minor Penalty to Jack McBain for High sticking.
19:52 of 2nd period - Mitchell Marner wins face-off versus Mikko Rantanen in Warheads zone.
Goals for this period are 2 for Oilers vs 1 for Warheads.
Shots for this period are 13 for Oilers vs 15 for Warheads.

3rd period


0:01 of 3rd period - Mikko Rantanen wins face-off versus Mitchell Marner in neutral zone.
0:06 of 3rd period - Shot by Manson Gluehead.
0:06 of 3rd period - Shot Misses the Net.
0:08 of 3rd period - Shot by Manson Gluehead.
0:08 of 3rd period - Shot Misses the Net.
0:10 of 3rd period - Shot by Evan Bouchard.
0:10 of 3rd period - Shot Misses the Net.
0:12 of 3rd period - Shot by Tim Stutzle.
0:12 of 3rd period - Stopped by Logan Thompson with a rebound.
0:14 of 3rd period - Shot by Tim Stutzle.
0:14 of 3rd period - Shot Blocked by Jeremy Lauzon.
0:18 of 3rd period - Shot by Manson Gluehead.
0:18 of 3rd period - Stopped by Logan Thompson with a rebound.
0:20 of 3rd period - Shot by Evan Bouchard.
0:20 of 3rd period - Goal by Evan Bouchard - Oilers : 5 - Warheads : 1.
0:21 of 3rd period - Tomas Hertl wins face-off versus Robert Thomas in neutral zone.
0:24 of 3rd period - Minor Penalty to Evander Kane for Hooking.
0:25 of 3rd period - Robert Thomas wins face-off versus Mikko Rantanen in Oilers zone.
0:38 of 3rd period - Shot by Robert Thomas.
0:38 of 3rd period - Shot Blocked by Colton Parayko.
0:44 of 3rd period - Shot by Mitchell Marner.
0:44 of 3rd period - Stopped by Ilya Samsonov with a rebound.
0:46 of 3rd period - Shot by John Marino.
0:46 of 3rd period - Stopped by Ilya Samsonov without a rebound.
0:47 of 3rd period - Robert Thomas wins face-off versus Mikko Rantanen in Oilers zone.
1:34 of 3rd period - Darnell Nurse is hit by Jack McBain and loses puck.
2:05 of 3rd period - Shot by Cam Fowler.
2:05 of 3rd period - Stopped by Ilya Samsonov without a rebound.
2:06 of 3rd period - Robert Thomas wins face-off versus Mikko Rantanen in Oilers zone.
2:13 of 3rd period - Shot by Robert Thomas.
2:13 of 3rd period - Shot Misses the Net.
2:37 of 3rd period - Shot by Mitchell Marner.
2:37 of 3rd period - Shot Misses the Net.
2:39 of 3rd period - Shot by Andrew Copp.
2:39 of 3rd period - Shot Misses the Net.
3:04 of 3rd period - Icing by Evan Bouchard.
3:05 of 3rd period - Nicolas Roy wins face-off versus Tomas Hertl in Oilers zone.
3:21 of 3rd period - Icing by Colton Parayko.
3:22 of 3rd period - Robert Thomas wins face-off versus Tomas Hertl in Oilers zone.
3:29 of 3rd period - Shot by Lawson Crouse.
3:29 of 3rd period - Shot Misses the Net.
3:54 of 3rd period - Shot by Tim Stutzle.
3:54 of 3rd period - Stopped by Logan Thompson without a rebound.
3:55 of 3rd period - Radek Faksa wins face-off versus Michael Mcleod in Warheads zone.
3:55 of 3rd period - Radek Faksa is hit by Kirill Marchenko.
4:08 of 3rd period - Shot by Mitchell Marner.
4:08 of 3rd period - Goal by Mitchell Marner - Oilers : 5 - Warheads : 2.
4:09 of 3rd period - Mikko Rantanen wins face-off versus Nicolas Roy in neutral zone.
4:25 of 3rd period - Shot by Tim Stutzle.
4:25 of 3rd period - Shot Hit the Post.
4:42 of 3rd period - Icing by Timothy Liljegren.
4:43 of 3rd period - Michael Mcleod wins face-off versus Nicolas Roy in Warheads zone.
4:52 of 3rd period - Shot by Kirill Marchenko.
4:52 of 3rd period - Shot Misses the Net.
4:59 of 3rd period - Icing by Brock Knuckledunker.
5:00 of 3rd period - Nicolas Roy wins face-off versus Mikko Rantanen in Warheads zone.
5:56 of 3rd period - Shot by Dylan Cozens.
5:56 of 3rd period - Stopped by Logan Thompson without a rebound.
5:57 of 3rd period - Robert Thomas wins face-off versus Michael Mcleod in Warheads zone.
5:57 of 3rd period - Robert Thomas is hit by Michael Mcleod.
7:45 of 3rd period - Shot by Manson Gluehead.
7:45 of 3rd period - Shot Blocked by Timothy Liljegren.
8:03 of 3rd period - Nicolas Roy is hit by Evander Kane and loses puck.
8:15 of 3rd period - Tomas Hertl is hit by Brock Knuckledunker and loses puck.
8:40 of 3rd period - Shot by Mitchell Marner.
8:40 of 3rd period - Shot Blocked by Colton Parayko.
8:47 of 3rd period - Radek Faksa is hit by Evan Bouchard and loses puck.
8:52 of 3rd period - Shot by Mitchell Marner.
8:52 of 3rd period - Shot Misses the Net.
8:54 of 3rd period - Shot by Mitchell Marner.
8:54 of 3rd period - Stopped by Ilya Samsonov with a rebound.
8:56 of 3rd period - Shot by Jack McBain.
8:56 of 3rd period - Shot Misses the Net.
8:58 of 3rd period - Shot by John Marino.
8:58 of 3rd period - Stopped by Ilya Samsonov without a rebound.
8:59 of 3rd period - Robert Thomas wins face-off versus Mikko Rantanen in Oilers zone.
8:59 of 3rd period - Lucas Raymond is hit by Darnell Nurse and loses puck.
9:05 of 3rd period - Off-side.
9:06 of 3rd period - Robert Thomas wins face-off versus Mikko Rantanen in neutral zone.
9:28 of 3rd period - Shot by Tim Stutzle.
9:28 of 3rd period - Shot Blocked by Damon Severson.
10:23 of 3rd period - Shot by Ilya Mikheyev.
10:23 of 3rd period - Shot Misses the Net.
10:30 of 3rd period - Icing by Cody Ceci.
10:31 of 3rd period - Radek Faksa wins face-off versus Michael Mcleod in Oilers zone.
11:00 of 3rd period - Shot by Mitchell Marner.
11:00 of 3rd period - Shot Misses the Net.
11:02 of 3rd period - Shot by Radek Faksa.
11:02 of 3rd period - Stopped by Ilya Samsonov without a rebound.
11:03 of 3rd period - Mikko Rantanen wins face-off versus Nicolas Roy in Oilers zone.
11:16 of 3rd period - Shot by Manson Gluehead.
11:16 of 3rd period - Deflect By Tim Stutzle.
11:16 of 3rd period - Stopped by Logan Thompson with a rebound.
11:18 of 3rd period - Shot by Tim Stutzle.
11:18 of 3rd period - Shot Blocked by Brock Knuckledunker.
11:22 of 3rd period - Shot by Mikko Rantanen.
11:22 of 3rd period - Shot Misses the Net.
11:24 of 3rd period - Shot by Colton Parayko.
11:24 of 3rd period - Stopped by Logan Thompson without a rebound.
11:25 of 3rd period - Tomas Hertl wins face-off versus Robert Thomas in Warheads zone.
11:43 of 3rd period - Shot by Lawson Crouse.
11:43 of 3rd period - Stopped by Ilya Samsonov without a rebound.
11:44 of 3rd period - Radek Faksa wins face-off versus Mikko Rantanen in Oilers zone.
11:45 of 3rd period - Shot by Mitchell Marner.
11:45 of 3rd period - Deflect By Jack McBain.
11:45 of 3rd period - Shot Misses the Net.
11:53 of 3rd period - Shot by Mitchell Marner.
11:53 of 3rd period - Shot Misses the Net.
11:57 of 3rd period - Shot by Radek Faksa.
11:57 of 3rd period - Stopped by Ilya Samsonov without a rebound.
11:58 of 3rd period - Robert Thomas wins face-off versus Tomas Hertl in Oilers zone.
12:13 of 3rd period - Shot by Lawson Crouse.
12:13 of 3rd period - Stopped by Ilya Samsonov without a rebound.
12:14 of 3rd period - Radek Faksa wins face-off versus Mikko Rantanen in Oilers zone.
12:25 of 3rd period - Shot by Jack McBain.
12:25 of 3rd period - Shot Misses the Net.
12:50 of 3rd period - Shot by Mitchell Marner.
12:50 of 3rd period - Goal by Mitchell Marner - Oilers : 5 - Warheads : 3.
12:51 of 3rd period - Tomas Hertl wins face-off versus Robert Thomas in neutral zone.
12:54 of 3rd period - Shot by Evander Kane.
12:54 of 3rd period - Stopped by Logan Thompson with a rebound.
12:56 of 3rd period - Shot by Evander Kane.
12:56 of 3rd period - Shot Hit the Post.
12:58 of 3rd period - Shot by Kris Letang.
12:58 of 3rd period - Stopped by Logan Thompson with a rebound.
13:00 of 3rd period - Shot by Dylan Cozens.
13:00 of 3rd period - Stopped by Logan Thompson with a rebound.
13:37 of 3rd period - Icing by Kris Letang.
13:38 of 3rd period - Evander Kane wins face-off versus Jeff Carter in Oilers zone.
13:38 of 3rd period - Evander Kane is hit by Mitchell Marner.
14:13 of 3rd period - Jani Hakanpaa is hit by Andrew Copp and loses puck.
14:33 of 3rd period - Minor Penalty to Evander Kane for Roughing.
14:34 of 3rd period - Mikko Rantanen wins face-off versus Lawson Crouse in Oilers zone.
15:25 of 3rd period - Off-side.
15:26 of 3rd period - Mikko Rantanen wins face-off versus Robert Thomas in neutral zone.
15:37 of 3rd period - Colton Parayko is hit by Jack McBain and loses puck.
16:11 of 3rd period - Shot by Lucas Raymond.
16:11 of 3rd period - Shot Misses the Net.
16:32 of 3rd period - Icing by Jacob Middleton.
16:33 of 3rd period - Jeff Carter wins face-off versus Michael Mcleod in Warheads zone.
17:15 of 3rd period - Andrew Copp is hit by Michael Mcleod and loses puck.
18:08 of 3rd period - Shot by Ilya Mikheyev.
18:08 of 3rd period - Stopped by Ilya Samsonov without a rebound.
18:09 of 3rd period - Robert Thomas wins face-off versus Dylan Cozens in Oilers zone.
18:12 of 3rd period - Shot by Lucas Raymond.
18:12 of 3rd period - Shot Misses the Net.
18:17 of 3rd period - Icing by Tomas Hertl.
18:18 of 3rd period - Tomas Hertl wins face-off versus Robert Thomas in Oilers zone.
18:18 of 3rd period - Tomas Hertl is hit by Lawson Crouse.
18:23 of 3rd period - Kris Letang is hit by Jacob Middleton and loses puck.
18:30 of 3rd period - Shot by Dylan Cozens.
18:30 of 3rd period - Shot Misses the Net.
18:50 of 3rd period - Shot by Lucas Raymond.
18:50 of 3rd period - Shot Misses the Net.
18:58 of 3rd period - Shot by Robert Thomas.
18:58 of 3rd period - Stopped by Ilya Samsonov without a rebound.
18:59 of 3rd period - Mikko Rantanen wins face-off versus Nicolas Roy in Oilers zone.
19:16 of 3rd period - Shot by Tim Stutzle.
19:16 of 3rd period - Shot Blocked by John Marino.
19:49 of 3rd period - Icing by Brock Knuckledunker.
19:50 of 3rd period - Nicolas Roy wins face-off versus Michael Mcleod in Warheads zone.
Goals for this period are 1 for Oilers vs 2 for Warheads.
Shots for this period are 10 for Oilers vs 13 for Warheads.